 Dungeon Crawl Stone Soup version 0.27.1-1-g398f81649c (webtiles) character file.

Game seed: 2518555802704935601

473 bnorton916 the Conjurer (level 6, -10/32 HPs)
             Began as a Deep Elf Conjurer on Sept 15, 2021.
             Was a Follower of Vehumet.
             Mangled by Duvessa (22 damage)
             ... on level 5 of the Dungeon.
             The game lasted 00:04:46 (5177 turns).

bnorton916 the Conjurer (Deep Elf Conjurer)         Turns: 5177, Time: 00:04:47

Health: -10/32     AC:  3    Str:  5    XL:     6   Next: 83%
Magic:  11/15      EV: 12    Int: 24    God:    Vehumet [*.....]
Gold:   206        SH:  0    Dex: 13    Spells: 4/15 levels left

rFire    . . .     SeeInvis .   (no weapon)
rCold    . . .     Faith    .   (no shield)
rNeg     . . .     Spirit   .   a - +0 robe
rPois    .         Reflect  .   (no helmet)
rElec    .         Harm     .   (no cloak)
rCorr    .         Rampage  .   (no gloves)
Will     .....                  q - +0 pair of boots
Stlth    ++........             (no amulet)
HPRegen  0.10/turn              (no ring)
MPRegen  0.14/turn              (no ring)

@: no status effects
A: no striking features
a: Renounce Religion


You were on level 5 of the Dungeon.
You worshipped Vehumet.
Vehumet was aware of your devotion.
You visited 1 branch of the dungeon, and saw 5 of its levels.

You collected 206 gold pieces.

Inventory:

Hand Weapons
 s - a +2 dagger of pain
Missiles
 b - 7 boomerangs of dispersal
Armour
 a - a +0 robe (worn)
 j - a +0 buckler
 k - a +1 leather armour of cold resistance
 q - a +0 pair of boots (worn)
 r - a +0 leather armour of fire resistance
Scrolls
 d - a scroll of blinking {unknown}
 e - 4 scrolls of identify {unknown}
 g - 2 scrolls of vulnerability {unknown}
 i - a scroll of enchant armour {unknown}
 l - 2 scrolls of summoning {unknown}
 m - a scroll of teleportation {unknown}
 t - a scroll of fog {unknown}
 u - a scroll of noise {unknown}
Potions
 c - 3 potions of heal wounds {unknown}
 f - 2 potions of flight {unknown}
 h - a potion of resistance {unknown}
 n - 2 potions of haste {unknown}
 o - a potion of lignification {unknown}
 p - a potion of curing {unknown}


   Skills:
 + Level 2.1 Armour
 - Level 2.4 Dodging
 - Level 2.4 Stealth
 + Level 2.1 Shields
 - Level 5.2 Spellcasting
 - Level 5.6 Conjurations
 + Level 2.8 Hexes
 + Level 2.3 Translocations


You had 4 spell levels left.
You knew the following spells:

 Your Spells              Type           Power      Damage    Failure   Level
a - Magic Dart            Conj           100%       1d8       1%          1
b - Searing Ray           Conj           66%        3d5       1%          2
c - Fulminant Prism       Conj/Hex       13%        3d9       16%         4
d - Iskenderun's Mystic   Conj/Tloc      25%        2d7       16%         4

Your spell library contained the following spells:

 Spells                   Type           Power      Damage    Failure   Level
 Sandblast                Erth           12%        2d6       9%          1
 Dazzling Flash           Conj/Hex       52%        N/A       4%          3
 Sublimation of Blood     Necr           3%         N/A       13%         2
 Wereblood                Tmut           6%         N/A       13%         2
 Summon Hydra             Summ           3%         N/A       100%        7


Dungeon Overview and Level Annotations

Branches:
Dungeon (5/15)
 Temple: D:4-7

Altars:
Fedhas
Trog
Vehumet
Yredelemnul

Annotations:
D:5 Duvessa


Message History

There is a stone staircase leading down here.
You climb downwards.
There is a stone staircase leading up here.
Found a stone staircase leading down.
Found a stone staircase leading up.
Duvessa and Dowan come into view.
Dowan shouts!
Duvessa shouts!
There are monsters nearby!
There are monsters nearby!
There are monsters nearby!
Dowan mumbles some strange words.
Dowan blinks!
Dowan casts a spell at you. The puff of flame misses you.
Dowan points at you and mumbles some strange words.
The puff of flame hits you!
Dowan casts a spell at Duvessa.
Duvessa seems to speed up.
Dowan casts a spell at you. The puff of flame hits you!
Dowan says, "Magic and the sword, together, will defeat you."
Casting: Searing Ray (safe; 1% risk of failure)
Confirm with . or Enter, or press ? or * to list all spells.
Aiming: Searing Ray (safe; 1% risk of failure)
Press: ? - help, Shift-Dir - straight line, f - Dowan
Aim: Dowan, wielding a +0 dagger and wearing a +0 robe (73% to hit)
The searing ray hits Dowan.
Dowan is moderately wounded. (Press . to maintain the ray.) Unknown command.
The searing ray hits Dowan!
Dowan is heavily wounded.
Dowan hits you with a +0 dagger.
The searing ray hits Dowan!
You kill Dowan!
Vehumet accepts your kill.
Duvessa screams, "No!
How DARE you!"
Duvessa goes berserk!
Duvessa hits you with a +0 rapier!!
Ouch! That really hurt!
You die...

#.........#.
#.#######.## #.#
#... ########.#
.#### #.....##.#
<.....
#.###.##.#######>..
#.# #..#...........
#e####.###.........
#.@).....#.#####.#.
######.#.#.# #.#.
#.#.#.##### ..
#e#.#.....#
#.#.#####.#
#.#.#####.#
#.#.......#
#.######### #.#


You could see Duvessa (berserk, fast).

Vanquished Creatures
  A black bear (D:3)
  Blork the orc (D:4)
  Dowan (D:5)
  A bullfrog zombie (D:3)
  A hound (D:4)
  A bullfrog skeleton (D:3)
  2 orc priests (D:4)
  An orc wizard (D:4)
  4 adders
  2 worms
  3 dart slugs
  15 orcs
  6 ball pythons
  6 endoplasms
  8 goblins
  8 hobgoblins
  3 jackals (D:1)
  2 quokkas
  4 bats
  2 frilled lizards
  7 kobolds
  7 rats
86 creatures vanquished.

Notes
Turn   | Place    | Note
-------+----------+-------------------------------------------
     0 | D:1      | bnorton916 the Deep Elf Conjurer began the quest for the
                  | Orb.
     0 | D:1      | Reached XP level 1. HP: 10/10 MP: 6/6
   451 | D:2      | Reached XP level 2. HP: 12/15 MP: 3/8
   454 | D:2      | Learned a level 2 spell: Searing Ray
  1128 | D:1      | Reached XP level 3. HP: 19/19 MP: 8/10
  1131 | D:1      | Reached skill level 5 in Conjurations
  2111 | D:3      | Reached XP level 4. HP: 24/24 MP: 3/12
  2190 | D:3      | Learned a level 4 spell: Fulminant Prism
  2195 | D:3      | Learned a level 4 spell: Iskenderun's Mystic Blast
  2543 | D:3      | Noticed a black bear
  2548 | D:3      | Killed a black bear
  2549 | D:3      | Reached skill level 1 in Armour
  2549 | D:3      | Reached skill level 1 in Shields
  2549 | D:3      | Reached skill level 5 in Spellcasting
  2549 | D:3      | Reached XP level 5. HP: 28/28 MP: 6/14
  2613 | D:3      | Found a faded altar of an unknown god.
  2742 | D:3      | Reached skill level 1 in Hexes
  2742 | D:3      | Reached skill level 1 in Translocations
  2958 | D:3      | Found a radiant altar of Vehumet.
  2968 | D:3      | Became a worshipper of Vehumet
  3465 | D:4      | Noticed Blork the orc
  3468 | D:4      | Reached XP level 6. HP: 32/32 MP: 10/15
  3723 | D:4      | Killed Blork the orc
  4640 | D:4      | Reached * piety under Vehumet
  4640 | D:4      | Offered knowledge of Sandblast by Vehumet.
  4816 | D:4      | Found a basalt altar of Yredelemnul.
  4821 | D:4      | Found a blossoming altar of Fedhas.
  4824 | D:4      | Found a bloodstained altar of Trog.
  5051 | D:5      | Entered Level 5 of the Dungeon
  5144 | D:5      | Noticed Duvessa
  5144 | D:5      | Noticed Dowan
  5177 | D:5      | Killed Dowan
  5177 | D:5      | Mangled by Duvessa

Illustrated notes

Levels and vault maps discovered:
D:1:      wander_arrival_chamber, layout_rooms, grunt_decor_resistance,
          wad_floor_pattern_1, minivault_5
D:2:      layout_loops_ring
D:3:      layout_basic, mainiacjoe_overflow_six_doors_small,
          ebering_ecumenical_altar_box
D:4:      layout_basic, minmay_overflow_temple_star_quad, uniq_blork_the_orc
D:5:      layout_basic, kennysheep_small_circle, uniq_duvessa

Skill      XL: |  1  2  3  4  5  6 |
---------------+-------------------+-----
Spellcasting   | 4 5 |  5.2
Conjurations   | 5 |  5.6
Armour         | 1 2 |  2.1
Shields        | 1 2 |  2.1
Hexes          | 1 2 |  2.8
Translocations | 1 2 |  2.3
Dodging        | |  2.4
Stealth        | |  2.4

Action                   |  1- 3 |  4- 6 || total
-------------------------+-------+-------++-------
 Cast: Magic Dart        |    78 |    64 ||   142
       Searing Ray       |     3 |    16 ||    19
Armor: Robe              |       |     3 ||     3
Dodge: Dodged            |     7 |    10 ||    17
